 Dungeon Crawl Stone Soup version 0.30-a0-377-g5cb311bc9f (webtiles) character file.

Game seed: 18338525504310135489

251762 scionoferis the Brawler (level 18, -4/176 HPs)
             Began as a Troll Earth Elementalist on Nov 29, 2022.
             Was an Elder of Sif Muna.
             Slain by a +2 vorpal halberd (15 damage)
             ... animated by Zenata
             ... on level 1 of the Elven Halls on Nov 30, 2022.
             The game lasted 03:53:43 (40953 turns).

scionoferis the Brawler (Troll Earth Elementalist) Turns: 40953, Time: 03:53:54

Health: -4/176     AC: 26    Str: 20    XL:     18   Next: 94%
Magic:  28/28      EV: 15    Int: 21    God:    Sif Muna [****..]
Gold:   3251       SH: 12    Dex: 11    Spells: 18/19 levels left

rFire   + . .      SeeInvis .      - Unarmed
rCold   + . .      Faith    +    A - +2 kite shield {AC+3}
rNeg    + . .      Spirit   .    Z - quicksilver dragon scales "Doqoutho" {rC+ Will+}
rPois   +          Reflect  .    V - +2 hat {Will+}
rElec   .          Harm     .    q - +2 ratskin cloak {*Rats rPois rN+ Str-1 Int-1 Dex+1}
rCorr   .          Rampage  .    (gloves unavailable)
Will    +++..                    (boots unavailable)
Stlth   +.........               Y - amulet "Paboim" {Faith rF+ Int+5}
HPRegen 1.29/turn                F - +4 ring of protection
MPRegen 0.21/turn                a - +4 ring of evasion

@: lethally poisoned (-4 -> -8), engulfed (cannot breathe), studying Ice Magic
A: large, unfitting armour, claws 3, regeneration 1, shaggy fur 1, tough skin 1
}: 2/15 runes: serpentine, barnacled
a: Renounce Religion, Channel Magic, Forget Spell, Divine Exegesis


You were on level 1 of the Elven Halls.
You worshipped Sif Muna.
Sif Muna was greatly pleased with you.
You visited 7 branches of the dungeon, and saw 32 of its levels.
You also visited: Gauntlet and Ice Cave.

You collected 3880 gold pieces.
You spent 629 gold pieces at shops.


Innate Abilities, Weirdness & Mutations

You are too large for most types of armour.
You have claws for hands.
Your natural rate of healing is unusually fast.
You are covered in fur. (AC +1)
You have tough skin. (AC +1)


   Skills:
 + Level 10.3 Fighting
 * Level 13.0 Throwing
 + Level 8.1 Armour
 + Level 10.1 Dodging
 - Level 1.0 Stealth
 + Level 10.2 Shields
 + Level 15.8 Unarmed Combat
 - Level 1.2 Spellcasting
 - Level 0.6 Transmutations
 - Level 2.6 Earth Magic
 * Level 15.2 Invocations
 + Level 6.9 Evocations


You had 18 spell levels left.
You knew the following spells:

 Your Spells              Type           Power      Damage    Failure   Level
a - Sandblast             Erth           24%        2d8       16%         1

Your spell library contained the following spells:

 Spells                   Type           Power      Damage    Failure   Level
 Passwall                 Tmut/Erth      6%         N/A       34%         2
 Apportation              Tloc           2%         N/A       43%         1
 Freeze                   Ice            4%         1d3       43%         1
 Kiss of Death            Conj/Necr      4%         2d5       43%         1
 Magic Dart               Conj           4%         1d3       43%         1
 Necrotise                Necr           4%         1d4       43%         1
 Shock                    Conj/Air       4%         1d3       43%         1
 Summon Small Mammal      Summ           4%         N/A       43%         1
 Wereblood                Tmut           3%         N/A       50%         2
 Call Imp                 Summ           1%         N/A       56%         2
 Cigotuvi's Dreadful Rot  Necr/Pois/Air  2%         N/A       56%         2
 Poisonous Vapours        Pois/Air       2%         N/A       56%         2
 Scorch                   Fire           2%         2d5       56%         2
 Sublimation of Blood     Necr           1%         N/A       56%         2
 Stone Arrow              Conj/Erth      12%        3d7       63%         3
 Spider Form              Tmut/Pois      2%         N/A       77%         3
 Confusing Touch          Hex            1%         N/A       80%         3
 Frozen Ramparts          Ice            2%         1d1       80%         3
 Hailstorm                Conj/Ice       1%         3d3       80%         3
 Inner Flame              Hex/Fire       1%         N/A       80%         3
 Kindle Blastsparks       Fire/Tloc/Air  2%         2d10      80%         3
 Lesser Beckoning         Tloc           2%         N/A       80%         3
 Mephitic Cloud           Conj/Pois/Air  1%         N/A       80%         3
 Ozocubu's Armour         Ice            1%         N/A       80%         3
 Summon Guardian Golem    Hex/Summ       1%         N/A       80%         3
 Vhi's Electric Charge    Tloc/Air       2%         N/A       80%         3
 Petrify                  Tmut/Erth      8%         N/A       93%         4
 Animate Armour           Summ/Erth      12%        N/A       95%         4
 Leda's Liquefaction      Hex/Erth       3%         N/A       95%         4
 Airstrike                Air            0%         2d(1-17)  99%         4
 Anguish                  Hex/Necr       0%         N/A       99%         4
 Dispel Undead            Necr           1%         3d6       99%         4
 Flame Wave               Conj/Fire      1%         2d4       99%         4
 Ice Form                 Ice/Tmut       2%         N/A       99%         4
 Iskenderun's Mystic Bla  Conj/Tloc      1%         2d3       99%         4
 Passage of Golubria      Tloc           1%         N/A       99%         4
 Summon Ice Beast         Ice/Summ       1%         N/A       99%         4
 Summon Lightning Spire   Summ/Air       1%         N/A       99%         4
 Alistair's Intoxication  Tmut/Pois      1%         N/A       100%        5
 Blade Hands              Tmut           1%         N/A       100%        5
 Fireball                 Conj/Fire      0%         3d3       100%        5
 Irradiate                Conj/Tmut      1%         3d12      100%        5
 Iskenderun's Battlesphe  Conj           1%         2d6       100%        5
 Lightning Bolt           Conj/Air       0%         1d11      100%        5
 Metabolic Englaciation   Hex/Ice        0%         N/A       100%        5
 Silence                  Hex/Air        0%         N/A       100%        5
 Summon Forest            Summ/Tloc      0%         N/A       100%        5
 Summon Mana Viper        Hex/Summ       1%         N/A       100%        5
 Conjure Ball Lightning   Conj/Air       0%         3x3d6     100%        6
 Death Channel            Necr           0%         N/A       100%        6
 Eringya's Noxious Bog    Tmut/Pois      1%         N/A       100%        6
 Simulacrum               Ice/Necr       0%         N/A       100%        6
 Starburst                Conj/Fire      0%         6d3       100%        6
 Statue Form              Tmut/Erth      5%         N/A       100%        6
 Summon Cactus Giant      Summ           0%         N/A       100%        6
 Monstrous Menagerie      Summ           0%         N/A       100%        7
 Orb of Destruction       Conj           0%         9d5       100%        7
 Spellforged Servitor     Conj/Summ      0%         N/A       100%        7
 Storm Form               Tmut/Air       1%         N/A       100%        7
 Summon Hydra             Summ           0%         N/A       100%        7
 Borgnjor's Revivificati  Necr           0%         N/A       100%        8
 Lehudib's Crystal Spear  Conj/Erth      3%         10d2      100%        8
 Necromutation            Tmut/Necr      1%         N/A       100%        8
 Summon Horrible Things   Summ           0%         N/A       100%        8
 Death's Door             Necr           0%         N/A       100%        9
 Dragon's Call            Summ           0%         N/A       100%        9

Inventory:

Hand Weapons
 f - the +7 rapier of the Gnashing Visionary {venom, Fly rN+ Int+2}
   (You found it on level 2 of the Lair of Beasts)

   It poisons the flesh of those it strikes.
   Int:       It affects your intelligence (+2).
   rN:        It protects you from negative energy.
   Fly:       It grants you flight.
Missiles
 i - 3 silver boomerangs
 v - 7 javelins
 y - 53 boomerangs
 B - 4 throwing nets (quivered)
 C - 7 silver javelins
 J - 6 curare-tipped darts
Armour
 q - the +2 ratskin cloak (worn) {*Rats rPois rN+ Str-1 Int-1 Dex+1}
   (You found it on level 2 of the Dungeon)

   When the wearer is hurt, rats may emerge from it to assist them.
   Str:       It affects your strength (-1).
   Int:       It affects your intelligence (-1).
   Dex:       It affects your dexterity (+1).
   rPois:     It protects you from poison.
   rN:        It protects you from negative energy.
 A - a +2 kite shield of protection (worn)
   (You bought it in a shop on level 2 of the Orcish Mines)
 V - a +2 hat of willpower (worn)
   (You found it on level 3 of the Snake Pit)
 Z - the quicksilver dragon scales "Doqoutho" (worn) {rC+ Will+}
   (You took it off a salamander on level 4 of the Snake Pit)

   rC:        It protects you from cold.
   Will:      It increases your willpower.
Jewellery
 a - a +4 ring of evasion (right claw)
   (You found it in a Gauntlet)
 r - a ring of resist corrosion
   (You found it on level 1 of the Dungeon)
 t - a ring of see invisible
   (You bought it in a shop on level 1 of the Shoals)
 u - the ring "Qymyadoi" {*Slow +Blink rF+ MP+9 Str+3}
   (You took it off a naga mage on level 1 of the Snake Pit)

   [ring of magical power]

   Str:       It affects your strength (+3).
   rF:        It protects you from fire.
   MP:        It affects your magic capacity (+9).
   +Blink:    It lets you blink.
   *Slow:     It may slow you when you take damage.
 w - a ring of willpower
   (You found it on level 4 of the Dungeon)
 E - a ring of positive energy
   (You found it on level 1 of the Snake Pit)
 F - a +4 ring of protection (left claw)
   (You found it on level 6 of the Dungeon)
 R - a ring of fire
   (You found it on level 3 of the Shoals)
 Y - the amulet "Paboim" (around neck) {Faith rF+ Int+5}
   (You acquired it on level 15 of the Dungeon)

   [amulet of faith]

   It allows you to gain divine favour quickly.
   Int:       It affects your intelligence (+5).
   rF:        It protects you from fire.
Wands
 z - a wand of mindburst (12)
   (You found it on level 10 of the Dungeon)
 L - a wand of paralysis (19)
   (You found it on level 8 of the Dungeon)
 M - a wand of iceblast (27)
   (You found it on level 8 of the Dungeon)
 S - a wand of digging (37)
   (You found it on level 12 of the Dungeon)
Scrolls
 e - 8 scrolls of teleportation
 m - 7 scrolls of blinking
 o - 4 scrolls of silence
 s - 6 scrolls of fog
 K - 4 scrolls of summoning
 N - 6 scrolls of fear
 P - 6 scrolls of poison
 T - 2 scrolls of magic mapping
Potions
 b - 4 potions of magic
 h - 11 potions of heal wounds
 j - 5 potions of might
 l - 12 potions of curing
 n - 4 potions of haste
 p - a potion of cancellation
 H - 7 potions of flight
 I - 3 potions of invisibility
 O - 3 potions of brilliance
 W - 4 potions of berserk rage
Miscellaneous
 D - a phial of floods
   (You found it on level 11 of the Dungeon)
 G - a box of beasts
   (You found it on level 1 of the Snake Pit)
 Q - a tin of tremorstones (inert)
   (You found it on level 4 of the Snake Pit)

Dungeon Overview and Level Annotations

Branches:
Dungeon (15/15)            Temple (1/1) D:4            Lair (5/5) D:9
 Shoals (4/4) Lair:3        Snake (4/4) Lair:2        Slime (0/5) Lair:5
    Orc (2/2) D:11            Elf (1/3) Orc:2        Vaults (0/5) D:13
 Depths (0/4) D:15          IceCv (visited)         Gauntlet (visited)

Altars:
Ashenzari
Cheibriados
Dithmenos
Elyvilon
Fedhas
Gozag
Hepliaklqana
Kikubaaqudgha
Makhleb
Nemelex Xobeh
Okawaru
Qazlal
Ru
Sif Muna
Trog
Uskayaw
Vehumet
Wu Jian
Xom
Yredelemnul
Zin
The Shining One

Shops:
D:4 *   D:6 *   Orc:2 [*(:   Elf:1 :   Shoals:1 *(*[   Snake:2 **

Portals:
Wizlab: Elf:1

Annotations:
Elf:1 Zenata

#.....+,,,,,,,,, **#**
#..####,,,,,,,,,
**.#.**##*##.# **,,,,,,,,
**,#.#,#.,∩#.# **,,,,***
*,....#,.,.#.# *+******
*,.#.#.#(#.#.# *,** *,
*,,,#..(#(##.######.,****,
***,^,#..((a#........,,,,,,
*,,*,*,,,#@##.######.*****+
*,*,#.#.#r#E..# **+***,,,
*,,..#.#....#.# **,,,**,,,
*,*..,#.#.#...# *,,,,,*,,,
*,,,,#.#...##.#***,,,,,,,,,
*,,,.......,...,,+,,,,,*,,,
***########*####**,,,,***,,
**,,** *** ****


You could see Zenata (ally target), a water elemental, 5 dancing weapons and a
friendly hell rat.


Message History

Moving in this stuff is going to be slow.
Things that are here:
a +0 rapier; a +0 robe
Things that are here:
a +0 trident; a +0 ring mail
Things that are here:
a +0 spear; a +0 leather armour
There is an open door here.
Things that are here:
a +4 rapier of venom; a +0 robe You enter the shallow water.
Moving in this stuff is going to be slow.
Things that are here:
a +0 spear; a +0 leather armour You enter the shallow water.
Moving in this stuff is going to be slow.
You enter the shallow water.
Moving in this stuff is going to be slow.
You see here a +0 trident.
You enter the shallow water.
Moving in this stuff is going to be slow.
You enter the shallow water.
Moving in this stuff is going to be slow.
You enter the shallow water.
Moving in this stuff is going to be slow.
You enter the shallow water.
Moving in this stuff is going to be slow.
Things that are here:
a +0 robe; a +0 rapier of holy wrath You enter the shallow water.
Moving in this stuff is going to be slow.
The merfolk impaler shouts!
The merfolk impaler closely misses you. You block the merfolk impaler's attack.
The merfolk impaler completely misses you.
You mangle the merfolk impaler!!
The merfolk impaler is heavily wounded.
The merfolk impaler misses you.
You scratch the merfolk impaler.
The merfolk impaler is heavily wounded.
You block the merfolk impaler's attack. x2
You scratch the merfolk impaler.
The merfolk impaler is heavily wounded.
You block the merfolk impaler's attack.
You mangle the merfolk impaler!!
The merfolk impaler is almost dead.
The merfolk impaler hits you but does no damage.
You closely miss the merfolk impaler.
The merfolk impaler is almost dead.
The merfolk impaler hits you but does no damage.
You block the merfolk impaler's attack.
You scratch the merfolk impaler.
You kill the merfolk impaler!
Sif Muna accepts your kill.
You hear a splash. x2
Things that are here:
a +3 trident of protection; a +0 leather armour; a merfolk corpse Partly explored, can't reach some places.
You feel clever.
You fly up into the air.
The +7 rapier of the Gnashing Visionary {venom, Fly rN+ Int+2} begins to drip with poison!
f - the +7 rapier of the Gnashing Visionary (weapon)
{venom, Fly rN+ Int+2} Done exploring.
Unknown command.
There is a stone staircase leading up, spattered with blood here.
You see here a +1 trident of holy wrath.
You float gracefully downwards.
The +7 rapier of the Gnashing Visionary {venom, Fly rN+ Int+2} stops dripping with poison.
You are now empty-clawed.
Unknown command.
Search for what [Enter for "vuln", or ? for help]? shoal Unknown command.
(D) Dungeon (T) Temple (L) Lair (A) Shoals (P) Snake Pit (M) Slime Pits (O) Orcish Mines (E) Elven Halls (V) Vaults (U) Depths
Where to? (Enter - Shoals:4 @ (x,y), ? - help)
What level of the Dungeon? (default 9, ? - help)
You climb upwards.
There is a stone staircase leading down here.
You see here a +0 trident.
There is a stone staircase leading up here.
You climb upwards.
There is a stone staircase leading down here.
You enter the shallow water.
Moving in this stuff is going to be slow.
You enter the shallow water.
Moving in this stuff is going to be slow.
Splash!
You fall into the shallow water.
Moving in this stuff is going to be slow.
There is a stone staircase leading up here.
You climb upwards.
There is a stone staircase leading down here.
Things that are here:
a +0 club; a +0 sling You enter the shallow water.
Moving in this stuff is going to be slow.
You see here a +0 spear.
You enter the shallow water.
Moving in this stuff is going to be slow.
There is a staircase back to the Lair here.
You climb upwards.
Welcome back to the Lair of Beasts!
There is a staircase to the Shoals here.
You enter the shallow water.
Moving in this stuff is going to be slow.
There is a stone staircase leading up here.
You climb upwards.
There is a stone staircase leading down here.
There is a stone staircase leading up here.
You climb upwards.
There is a stone staircase leading down here.
There is a staircase back to the Dungeon here.
You climb upwards.
Welcome back to the Dungeon!
There is a staircase to the Lair here.
Items here: !!! """ (( // === ????? [[[ ||.
There is a staircase to the Lair here.
Items here: ! " ( ? [.
You drop a potion of mutation.
There is a staircase to the Lair here.
Items here: !!! """ (( // === ????? [[[ ||.
Okay, then.
There is a staircase to the Lair here.
Items here: ! " ( ? [.
You drop 10 large rocks.
There is a staircase to the Lair here.
Items here: !!! """ (( // === ????? [[[ ||.
You drop the amulet "Jukafrisch" {rF+ Regen+}.
You drop the +4 rapier "Qyhav" {freeze, *Corrode rF+ Str+5 SInv}.
You drop a wand of flame (30).
You drop a scroll of amnesia.
You start removing your amulet.
You continue taking off your amulet of reflection. x4
You finish taking off your amulet of reflection.
You drop an amulet of reflection.
Okay, then.
Unknown command.
Search for what [Enter for "shoal", or ? for help]? faith
There is a staircase to the Lair here.
Items here: ! " ( ? [.
Y - the amulet "Paboim" {Faith rF+ Int+5} Really put on
Y - the amulet "Paboim" {Faith rF+ Int+5}?
You start putting on your amulet.
You continue putting on the amulet "Paboim" {Faith rF+ Int+5}. x5
You finish putting on the amulet "Paboim" {Faith rF+ Int+5}.
You feel a surge of divine interest.
You feel clever.
Y - the amulet "Paboim" (around neck) {Faith rF+ Int+5} Unknown command.
Search for what [Enter for "faith", or ? for help]? relec Unknown command.
(D) Dungeon (T) Temple (L) Lair (A) Shoals (P) Snake Pit (M) Slime Pits (O) Orcish Mines (E) Elven Halls (V) Vaults (U) Depths
Where to? (Enter - D:9 @ (x,y), ? - help)
What level of the Elven Halls? (default 1, ? - help)
There is an empty arch of ancient stone here.
There is an open door here.
There is a stone staircase leading down here.
You climb downwards.
There is a stone staircase leading up here.
There is a stone staircase leading down here.
You climb downwards.
There is a stone staircase leading up here.
You see here a +0 hand axe.
Items here: )) [[.
Things that are here:
a +0 chain mail; a +0 halberd; a +0 hand axe
Things that are here:
a +0 plate armour; a +0 halberd
Things that are here:
a +0 hand axe; a +0 leather armour; a +0 hand axe
Things that are here:
a +0 ring mail; a +1 whip of electrocution
Things that are here:
a +0 giant club; a +0 giant club
There is a staircase to the Orcish Mines, spattered with blood here.
You climb downwards.
Welcome back to the Orcish Mines!
There is a staircase back to the Dungeon, spattered with blood here.
You see here a +1 vorpal hand axe.
There is a stone staircase leading down here.
You climb downwards.
There is a stone staircase leading up here.
You see here a +0 dagger.
There is a staircase to the Elven Halls here.
You climb downwards.
Welcome to the Elven Halls!
You hear the crackle of arcane power.
There is an entrance to a wizard's laboratory on this level!
Hurry and find it before the portal closes forever!
Agnes shouts!
Found a shortbow and 16 gold pieces.
Found Measuul's One-of-a-Kind Books.
There is a staircase back to the Mines here.
Agnes hits you with a +0 lajatang.
You climb upwards.
Welcome back to the Orcish Mines!
There is a staircase to the Elven Halls here.
Press: ? - help, v - describe, . - travel
Here: Agnes, wielding a +0 lajatang and wearing a +0 robe The floor.
You mangle Agnes!!
Agnes is moderately wounded.
Agnes hits you with a +0 lajatang!! Agnes misses you.
You miss Agnes.
Agnes is moderately wounded.
Agnes barely misses you.
You claw Agnes!
Agnes is heavily wounded.
Agnes says, "I despise a dishonourable opponent."
Agnes hits you with a +0 lajatang!! You block Agnes's attack.
You claw Agnes!
Agnes is heavily wounded.
You block Agnes's attack.
You barely miss Agnes.
Agnes is heavily wounded.
Agnes hits you with a +0 lajatang. You block Agnes's attack.
You claw Agnes!
Agnes is heavily wounded.
Agnes hits you with a +0 lajatang!
You scratch Agnes but do no damage.
Agnes is heavily wounded.
Agnes hits you with a +0 lajatang!
A hell rat scurries out from under your cloak.
You block Agnes's attack.
Throw: 6 throwing nets
Press: ? - help, Q - select action, (/) - cycle Shift-Dir - straight line, f - Agnes
Aim: Agnes, wielding a +0 lajatang and wearing a +0 robe (heavily wounded, ally target, 39% to hit)
You throw a throwing net. The throwing net closely misses Agnes.
Agnes hits you with a +0 lajatang!
A river rat scurries out from under your cloak.
Your hell rat completely misses Agnes.
Throw: 5 throwing nets
Press: ? - help, Q - select action, (/) - cycle Shift-Dir - straight line, f/p - Agnes
Aim: Agnes, wielding a +0 lajatang and wearing a +0 robe (heavily wounded, ally target, 39% to hit)
You throw a throwing net. The throwing net hits Agnes.
Agnes is caught in the net!
Agnes is heavily wounded.
Agnes struggles against the net.
Your hell rat barely misses Agnes.
You strike the helpless Agnes from behind!
You mangle Agnes!!
Agnes is almost dead.
Agnes struggles against the net. x2
The net rips apart, and Agnes comes free!
Your hell rat barely misses Agnes.
You closely miss Agnes.
Agnes is almost dead.
Agnes bows.
Agnes hits you with a +0 lajatang!
Your hell rat bites Agnes!
Agnes dies!
Sif Muna accepts your kill.
Things that are here:
a +0 lajatang; a +0 robe; the spriggan corpse of Agnes
B - 5 throwing nets (gained 1)
Things that are here:
a +0 lajatang; a +0 robe; the spriggan corpse of Agnes
There is a staircase to the Elven Halls, spattered with blood here.
You climb downwards.
Welcome back to the Elven Halls!
Your mindless puppets stay behind to rot.
You hear the crackle of arcane power.
There is an entrance to a wizard's laboratory on this level!
Hurry and find it before the portal closes forever!
You block the water elemental's attack.
There is a staircase back to the Mines here.
You eviscerate the water elemental!!!
You destroy the water elemental!
Sif Muna accepts your kill.
As you read the scroll of magic mapping, it crumbles to dust.
You feel aware of your surroundings.
You sensed 1 shop/portal.
Press: ? - help, v - describe, . - travel Measuul's One-of-a-Kind Books.
Found 15 gold pieces and a scroll of identify.
As you open the door, it creaks loudly!
You hear a shout!
There is an open door here.
A +0 short sword of venom comes into view.
You closely miss the +0 short sword of venom.
The +0 short sword of venom barely misses you.
You block the +0 short sword of venom's attack.
You eviscerate the +0 short sword of venom!!!
The +0 short sword of venom falls from the air.
Sif Muna accepts your kill.
You see here a +0 short sword of venom.
A deep elf pyromancer comes into view. It is wielding a +0 long sword.
You barely miss the deep elf pyromancer.
You mangle the deep elf pyromancer!!
The deep elf pyromancer is heavily wounded.
You hear a shout!
The deep elf pyromancer hits you with a +0 long sword.
You hear a shout!
You barely miss the deep elf pyromancer.
The deep elf pyromancer is heavily wounded.
The deep elf pyromancer gestures wildly while chanting.
The deep elf pyromancer blinks!
A deep elf pyromancer and a fire elemental come into view.
Found a lajatang.
Found a stone staircase leading down.
The deep elf pyromancer points at you and mumbles some strange words.
The bolt of fire hits you! You resist.
Found a stone staircase leading down.
You hear the stately crackle of a very distant magical portal.
A +0 scimitar of holy wrath comes into view.
The deep elf pyromancer hits you with a +0 long sword!
The deep elf pyromancer gestures wildly while chanting.
The deep elf pyromancer blinks!
You scratch the deep elf pyromancer.
The deep elf pyromancer is heavily wounded.
The deep elf pyromancer casts a spell.
The deep elf pyromancer blinks!
A deep elf elementalist comes into view.
It is wielding a +3 rapier.
The tremorstone explodes into fragments!
The burst of rock shards engulfs the fire elemental.
The burst of rock shards engulfs the +0 scimitar of holy wrath!
The burst of rock shards engulfs the deep elf pyromancer!
The burst of rock shards engulfs the fire elemental!!
The burst of rock shards engulfs the deep elf pyromancer!
The burst of rock shards engulfs the +0 scimitar of holy wrath but does no damage.
The burst of rock shards engulfs the deep elf pyromancer!
The burst of rock shards engulfs the fire elemental!
You destroy the fire elemental!
Sif Muna accepts your kill.
The burst of rock shards engulfs the +0 scimitar of holy wrath but does no damage.
The burst of rock shards engulfs the deep elf pyromancer!!
You kill the deep elf pyromancer!
Sif Muna accepts your kill.
The tin is emptied!
You hear a shout! x4
The deep elf pyromancer points at you and mumbles some strange words.
The bolt of fire hits you. You resist.
Throw: 9 javelins
Press: ? - help, Q - select action, (/) - cycle Shift-Dir - straight line, f - deep elf elementalist
Aim: a deep elf elementalist, wielding a +3 rapier and wearing a +0 scale mail (repelling missiles, 28% to hit)
You throw a javelin.
The javelin pierces through the +0 scimitar of holy wrath!!
The +0 scimitar of holy wrath falls from the air.
Sif Muna accepts your kill.
The javelin closely misses the deep elf elementalist.
A +1 war axe of freezing comes into view.
The deep elf pyromancer mumbles some strange words.
Throw: 8 javelins
Press: ? - help, Q - select action, (/) - cycle Shift-Dir - straight line, f/p - deep elf elementalist
Aim: a deep elf elementalist, wielding a +3 rapier and wearing a +0 scale mail (repelling missiles, 28% to hit)
You throw a javelin.
The javelin barely misses the fire elemental.
The javelin pierces through the deep elf elementalist but does no damage.
The deep elf elementalist mumbles some strange words.
The deep elf elementalist seems to speed up.
A deep elf zephyrmancer comes into view.
It is wielding a +0 dagger.
You hear a shout! x2
Throw: 7 javelins
Press: ? - help, Q - select action, (/) - cycle Shift-Dir - straight line, f - deep elf zephyrmancer, p - deep elf elementalist
Aim: a deep elf zephyrmancer, wielding a +0 dagger and wearing a +0 ring mail (62% to hit)
You throw a javelin.
The javelin pierces through the fire elemental!!
The fire elemental is severely damaged.
The javelin barely misses the deep elf elementalist.
The javelin pierces through the deep elf zephyrmancer!
The deep elf zephyrmancer is moderately wounded.
Press: ? - help, v - describe, . - travel
Here: a deep elf elementalist, wielding a +3 rapier and wearing a +0 scale mail (fast, repelling missiles)
The floor.
Unknown command.
Aiming: Iceblast
Press: ? - help, Shift-Dir - straight line, p - deep elf zephyrmancer The mass of ice explodes!
The iceblast engulfs the fire elemental!
The fire elemental is frozen!
You destroy the fire elemental!
The fire elemental disappears in a puff of smoke!
The iceblast engulfs the deep elf elementalist!!
The deep elf elementalist is moderately wounded.
The iceblast engulfs the fire elemental!!
The fire elemental is frozen!
The fire elemental is almost destroyed.
Unknown command.
Aiming: Iceblast
Press: ? - help, Shift-Dir - straight line The mass of ice explodes!
The iceblast engulfs the deep elf elementalist!!
The deep elf elementalist is severely wounded.
The iceblast engulfs the deep elf pyromancer!!
You kill the deep elf pyromancer!
Sif Muna accepts your kill.
The fire elemental disappears in a puff of smoke!
The iceblast engulfs the deep elf zephyrmancer!
The deep elf zephyrmancer is heavily wounded.
You hear a shout!
A fire elemental comes into view.
The deep elf zephyrmancer casts a spell.
The deep elf zephyrmancer blinks!
Unknown command.
Frances, Duchess of Pandemonium comes into view.
She is wielding a +2 battleaxe of flaming.
Found a potion of mutation.
Frances shouts!
You hear a shout!
A +1 vorpal dire flail comes into view.
The deep elf elementalist gestures at you while chanting.
The freezing blast engulfs you! You resist.
A deep elf demonologist comes into view.
It is wielding a +1 long sword of electrocution.
Frances is engulfed in blazing flames.
The deep elf elementalist closely misses you.
There is an open door here.
You mangle the deep elf elementalist!!
The deep elf elementalist is almost dead.
You are engulfed in freezing vapours.
You resist.
You block the +1 war axe of freezing's attack.
The deep elf elementalist barely misses you.
You barely miss the deep elf elementalist.
The deep elf elementalist is almost dead.
You are engulfed in freezing vapours.
You resist.
A deep elf archer comes into view. It is wielding a +3 short sword.
You block the deep elf elementalist's attack.
You block the +1 war axe of freezing's attack.
You mangle the deep elf elementalist!!
You kill the deep elf elementalist!
Sif Muna accepts your kill.
You are engulfed in freezing vapours.
You resist.
You block the +1 war axe of freezing's attack.
You mangle the +1 war axe of freezing!!
The +1 war axe of freezing is severely damaged.
You are engulfed in freezing vapours.
You resist.
You block the +1 war axe of freezing's attack.
The fire elemental closely misses you.
The +1 war axe of freezing attacks as you move away!
You block the +1 war axe of freezing's attack.
The deep elf zephyrmancer points at you and mumbles some strange words.
The bolt of lightning hits the +1 war axe of freezing.
The +1 war axe of freezing completely resists.
The bolt of lightning hits you!
Frances whispers indecipherable words.
Frances seems to speed up.
The +1 war axe of freezing is engulfed in freezing vapours.
You block the +1 war axe of freezing's attack.
You hear a shout!
You mangle the +1 war axe of freezing!!
The +1 war axe of freezing falls from the air.
Sif Muna accepts your kill.
The deep elf zephyrmancer casts a spell at you.
The bolt of lightning hits the fire elemental!
The fire elemental resists.
The bolt of lightning misses you.
You hear a shout!
Frances is engulfed in blazing flames.
Frances chants phrases taken from a devil's mouth.
The +1 vorpal dire flail is engulfed in blazing flames.
The fire elemental misses you.
Frances is engulfed in blazing flames.
Press: ? - help, . - travel You can't see that place.
Unknown command.
Unknown command.
Unknown command.
The +1 vorpal dire flail is engulfed in blazing flames.
Frances is engulfed in blazing flames.
The +1 vorpal dire flail is engulfed in blazing flames.
Frances is engulfed in blazing flames.
The fire elemental hits you. The fire elemental burns you! You resist.
The +1 vorpal dire flail is engulfed in blazing flames.
Frances is engulfed in blazing flames.
Frances whispers indecipherable words.
The sixfirhy is engulfed in blazing flames. x6
The sixfirhy is engulfed in blazing flames. x6
You block the fire elemental's attack.
The sixfirhy is engulfed in blazing flames.
The sixfirhy dies!
The sixfirhy disappears in a puff of smoke!
The ynoxinul gestures.
Frances howls an indescribable curse.
The +1 vorpal dire flail is engulfed in blazing flames.
Throw: 6 javelins
Press: ? - help, Q - select action, (/) - cycle Shift-Dir - straight line, f - Frances
Aim: Frances, wielding a +2 battleaxe of flaming and wearing a +0 ring mail (heavily wounded, fast, 71% to hit)
Okay, then.
Unknown command.
Press: ? - help, v - describe, . - travel
Here: Frances, wielding a +2 battleaxe of flaming and wearing a +0 ring mail (heavily wounded, fast)
The floor.
Unknown command.
Unknown command.
Frances screams a word of power!
The fire elemental closely misses you.
The +1 vorpal dire flail is engulfed in blazing flames.
You see here a +0 short sword of venom.
The +1 vorpal dire flail is engulfed in blazing flames.
The +1 vorpal dire flail is engulfed in blazing flames.
The +1 vorpal dire flail is engulfed in blazing flames. x2
The fire elemental hits you. The fire elemental burns you! You resist.
The +1 vorpal dire flail is engulfed in blazing flames.
There is an open door here.
Throw: 6 javelins
Press: ? - help, Q - select action, (/) - cycle Shift-Dir - straight line, f - Frances
Aim: Frances, wielding a +2 battleaxe of flaming and wearing a +0 ring mail (heavily wounded, fast, 71% to hit)
You throw a javelin.
The javelin pierces through the fire elemental!!
The fire elemental is almost destroyed.
The javelin pierces through the +1 vorpal dire flail!
The +1 vorpal dire flail is severely damaged.
The javelin pierces through Frances!
Frances is severely wounded.
The fire elemental completely misses you.
Throw: 5 javelins
Press: ? - help, Q - select action, (/) - cycle Shift-Dir - straight line, f/p - Frances
Aim: Frances, wielding a +2 battleaxe of flaming and wearing a +0 ring mail (severely wounded, fast, 71% to hit)
You throw a javelin.
The javelin barely misses the fire elemental.
The javelin pierces through the +1 vorpal dire flail!!
The +1 vorpal dire flail falls from the air.
Sif Muna accepts your kill.
The javelin closely misses Frances.
You block the fire elemental's attack.
Unknown command.
Throw: 4 javelins
Press: ? - help, Q - select action, (/) - cycle Shift-Dir - straight line, f/p - Frances
Aim: Frances, wielding a +2 battleaxe of flaming and wearing a +0 ring mail (severely wounded, fast, 71% to hit)
You throw a javelin.
The javelin pierces through the fire elemental!!
You destroy the fire elemental!
Sif Muna accepts your kill.
The javelin pierces through Frances!
Frances is severely wounded.
Throw: 3 boomerangs (silver)
Press: ? - help, Q - select action, (/) - cycle Shift-Dir - straight line, f/p - Frances
Aim: Frances, wielding a +2 battleaxe of flaming and wearing a +0 ring mail (severely wounded, fast, 71% to hit)
You throw a silver boomerang.
The silver boomerang barely misses Frances.
Throw: 3 boomerangs (silver)
Press: ? - help, Q - select action, (/) - cycle Shift-Dir - straight line, f/p - Frances
Aim: Frances, wielding a +2 battleaxe of flaming and wearing a +0 ring mail (severely wounded, fast, 71% to hit)
You throw a silver boomerang. The silver boomerang hits Frances!
Frances is almost dead.
You claw Frances!
Frances is almost dead.
Frances barely misses you.
You closely miss Frances.
Frances is almost dead.
Frances whispers indecipherable words.
You block the iron shot.
You eviscerate Frances!!!
You kill Frances!
Sif Muna accepts your kill.
The ynoxinul disappears in a puff of smoke!
The ufetubus disappears in a puff of smoke!
The chaos spawn degenerates into a cloud of primal chaos!
Things that are here:
a +2 battleaxe of flaming; a +0 ring mail Really walk into that cloud of seething chaos?
Okay, then.
The deep elf archer unwields a +3 short sword.
The deep elf archer wields a +0 longbow.
The deep elf archer shoots an arrow.
The arrow completely misses you.
You hear a shout!
You see here a +1 vorpal dire flail.
You closely miss the deep elf archer.
The deep elf archer unwields a +0 longbow.
The deep elf archer wields a +3 short sword.
The deep elf archer hits you with a +3 short sword!
You claw the deep elf archer!
The deep elf archer is lightly wounded.
The deep elf archer casts a spell.
The deep elf archer blinks!
The deep elf demonologist gestures wildly while chanting.
You see here a +0 short sword of venom.
You claw the balrug!
The balrug is lightly wounded.
The balrug hits you with a +2 antimagic demon whip.
You are engulfed in flames!
You resist.
Throw: 8 javelins (silver)
Press: ? - help, Q - select action, (/) - cycle Shift-Dir - straight line, f - deep elf demonologist
Aim: a deep elf demonologist, wielding a +1 long sword of electrocution (60% to hit)
You throw a silver javelin.
The silver javelin pierces through the balrug!!
The balrug is heavily wounded.
The silver javelin closely misses the deep elf demonologist.
The balrug hits you with a +2 antimagic demon whip.
You are engulfed in flames!
You resist.
You feel your power leaking away.
Throw: 7 javelins (silver)
Press: ? - help, Q - select action, (/) - cycle Shift-Dir - straight line, f/p - deep elf demonologist
Aim: a deep elf demonologist, wielding a +1 long sword of electrocution (60% to hit)
You throw a silver javelin.
The silver javelin pierces through the balrug.
The balrug is heavily wounded.
The silver javelin barely misses the deep elf demonologist.
A deep elf zephyrmancer comes into view.
It is wielding a +0 long sword.
The balrug hits you with a +2 antimagic demon whip.
You are engulfed in flames!
You resist.
A river rat scurries out from under your cloak.
You feel your power leaking away.
Throw: 6 javelins (silver)
Press: ? - help, Q - select action, (/) - cycle Shift-Dir - straight line, f/p - deep elf demonologist
Aim: a deep elf demonologist, wielding a +1 long sword of electrocution (ally target, 60% to hit)
You throw a silver javelin.
The silver javelin pierces through the balrug!
The balrug is severely wounded.
The silver javelin pierces through the deep elf demonologist!!
The deep elf demonologist is moderately wounded.
The deep elf demonologist mumbles some strange words.
The balrug gestures at you. Something smites you!
Your river rat bites the balrug.
Throw: 5 javelins (silver)
Press: ? - help, Q - select action, (/) - cycle Shift-Dir - straight line, f/p - deep elf demonologist
Aim: a deep elf demonologist, wielding a +1 long sword of electrocution (moderately wounded, ally target, 60% to hit)
You throw a silver javelin.
The silver javelin pierces through the balrug.
The balrug is severely wounded.
The silver javelin pierces through the deep elf demonologist!!
The deep elf demonologist is almost dead.
The balrug gestures at you. You block the sticky flame.
Throw: 4 javelins (silver)
Press: ? - help, Q - select action, (/) - cycle Shift-Dir - straight line, f/p - deep elf demonologist
Aim: a deep elf demonologist, wielding a +1 long sword of electrocution (almost dead, ally target, 60% to hit)
You throw a silver javelin.
The silver javelin closely misses the balrug.
The silver javelin pierces through the deep elf demonologist!!
You kill the deep elf demonologist!
Sif Muna accepts your kill.
The balrug disappears in a puff of smoke!
The deep elf archer unwields a +3 short sword.
The deep elf archer wields a +0 longbow.
The deep elf archer shoots an arrow.
The arrow barely misses your river rat. You block the arrow.
The deep elf zephyrmancer casts a spell.
The deep elf zephyrmancer blinks!
Your river rat barely misses the deep elf archer.
The deep elf archer shoots an arrow.
The arrow hits your river rat!!
Your river rat dies!
You see here a +1 vorpal dire flail.
You hear the stately crackle of a very distant magical portal.
The deep elf archer shoots an arrow.
The arrow hits you but does no damage.
Things that are here:
a +2 battleaxe of flaming; a +0 ring mail The deep elf archer shoots an arrow.
The arrow hits you.
There is an open door here.
The deep elf archer shoots an arrow.
You block the arrow.
The deep elf archer shoots an arrow.
The arrow hits you!!
There is a staircase back to the Mines, spattered with blood here.
The deep elf archer shoots an arrow.
The arrow hits you!
* * * LOW HITPOINT WARNING * * *
You climb upwards.
Welcome back to the Orcish Mines!
There is a staircase to the Elven Halls, spattered with blood here.
You start resting.
HP restored.
You climb downwards.
Welcome back to the Elven Halls!
You hear the crackle of arcane power.
There is an entrance to a wizard's laboratory on this level!
Hurry and find it before the portal closes forever!
You hear the crackle of a very distant magical portal.
The deep elf archer shoots an arrow.
You block the arrow.
The deep elf archer shoots an arrow.
The arrow hits you.
There is a staircase back to the Mines, spattered with blood here.
The deep elf archer shoots an arrow.
You block the arrow.
You hear a shout!
The deep elf archer shoots an arrow.
The arrow hits you!
The deep elf zephyrmancer gestures wildly while chanting.
The deep elf zephyrmancer blinks!
The deep elf archer unwields a +0 longbow.
The deep elf archer wields a +3 short sword.
The deep elf archer hits you but does no damage.
You mangle the deep elf archer!!
The deep elf archer is heavily wounded.
A deep elf death mage comes into view. It is wielding a +0 short sword.
The deep elf zephyrmancer gestures wildly while chanting.
The deep elf zephyrmancer blinks!
You mangle the deep elf archer!!
You kill the deep elf archer!
Sif Muna accepts your kill.
The deep elf death mage hits you with a +0 short sword.
Things that are here:
a +3 short sword; a +0 longbow; a +0 leather armour You miss the deep elf death mage.
You block the deep elf death mage's attack.
The deep elf zephyrmancer casts a spell at you.
The bolt of lightning misses you.
You mangle the deep elf death mage!!
The deep elf death mage is moderately wounded.
You mangle the deep elf death mage!!
The deep elf death mage is severely wounded.
You block the deep elf death mage's attack.
You closely miss the deep elf death mage.
The deep elf death mage is severely wounded.
The deep elf death mage hits you but does no damage.
You miss the deep elf death mage.
The deep elf death mage is severely wounded.
The deep elf death mage hits you but does no damage.
You scratch the deep elf death mage.
The deep elf death mage is severely wounded.
The deep elf death mage draws life force from you!
The deep elf death mage is healed by the life force!
The deep elf zephyrmancer gestures at you while chanting.
The bolt of lightning hits you!!
You scratch the deep elf death mage but do no damage.
The deep elf death mage is heavily wounded.
You mangle the deep elf death mage!!
The deep elf death mage is almost dead.
The deep elf death mage closely misses you.
The deep elf zephyrmancer gestures at you while chanting.
The bolt of lightning hits you!!
You mangle the deep elf death mage!!
You kill the deep elf death mage!
Sif Muna accepts your kill.
The deep elf zephyrmancer points at you and mumbles some strange words.
The bolt of lightning hits you!!
The deep elf zephyrmancer casts a spell at you.
The bolt of lightning misses you.
You mangle the deep elf zephyrmancer!!
The deep elf zephyrmancer is heavily wounded.
The deep elf zephyrmancer misses you.
You claw the deep elf zephyrmancer!
The deep elf zephyrmancer is almost dead.
The deep elf zephyrmancer casts a spell.
The deep elf zephyrmancer blinks!
Found 23 gold pieces.
The deep elf zephyrmancer gestures at you while chanting.
The bolt of lightning hits you!
You mangle the deep elf zephyrmancer!!
You kill the deep elf zephyrmancer!
Sif Muna accepts your kill.
There is an open door here.
Things that are here:
a +0 ring mail; a +2 battleaxe of flaming You see here a +1 vorpal dire flail.
You see here a +0 short sword of venom.
v - 4 javelins (gained 1)
C - 7 silver javelins (gained 4)
You now have 3207 gold pieces (gained 17).
Things that are here:
a +1 long sword of electrocution; an elf corpse The deep elf zephyrmancer shouts!
The deep elf zephyrmancer points at you and mumbles some strange words.
The bolt of lightning misses you.
There is an open door here.
You see here a +1 war axe of freezing.
Things that are here:
a +0 scale mail; a +3 rapier; an elf corpse The deep elf zephyrmancer points at you and mumbles some strange words.
The bolt of lightning misses you.
Found 4 stones.
You hear the brisk crackle of a very distant magical portal.
The deep elf zephyrmancer casts a spell.
The deep elf zephyrmancer blinks!
You miss the deep elf zephyrmancer.
You block the deep elf zephyrmancer's attack.
You scratch the deep elf zephyrmancer.
The deep elf zephyrmancer is lightly wounded.
The deep elf zephyrmancer points at you and mumbles some strange words.
The bolt of lightning misses you.
You miss the deep elf zephyrmancer.
The deep elf zephyrmancer is lightly wounded.
The deep elf zephyrmancer hits you but does no damage.
You closely miss the deep elf zephyrmancer.
The deep elf zephyrmancer is lightly wounded.
You block the deep elf zephyrmancer's attack.
You barely miss the deep elf zephyrmancer.
The deep elf zephyrmancer is lightly wounded.
You closely miss the deep elf zephyrmancer.
The deep elf zephyrmancer is lightly wounded.
You block the deep elf zephyrmancer's attack.
You mangle the deep elf zephyrmancer!!
The deep elf zephyrmancer is almost dead.
The deep elf zephyrmancer points at you and mumbles some strange words.
The bolt of lightning misses you.
You completely miss the deep elf zephyrmancer.
The deep elf zephyrmancer is almost dead.
The deep elf zephyrmancer gestures at you while chanting.
The bolt of lightning hits you!!
You claw the deep elf zephyrmancer!
You kill the deep elf zephyrmancer!
Sif Muna accepts your kill.
A deep elf zephyrmancer comes into view.
It is wielding a +0 rapier.
Throw: 53 boomerangs
Press: ? - help, Q - select action, (/) - cycle Shift-Dir - straight line, f - deep elf zephyrmancer
Aim: a deep elf zephyrmancer, wielding a +0 rapier (60% to hit)
You throw a boomerang.
The boomerang hits the deep elf zephyrmancer!
The deep elf zephyrmancer is moderately wounded.
Throw: 53 boomerangs
Press: ? - help, Q - select action, (/) - cycle Shift-Dir - straight line, f/p - deep elf zephyrmancer
Aim: a deep elf zephyrmancer, wielding a +0 rapier (moderately wounded, 60% to hit)
You throw a boomerang.
The boomerang hits the deep elf zephyrmancer!
The deep elf zephyrmancer is severely wounded.
A +3 flail of protection comes into view.
Throw: 53 boomerangs
Press: ? - help, Q - select action, (/) - cycle Shift-Dir - straight line, f/p - deep elf zephyrmancer
Aim: a deep elf zephyrmancer, wielding a +0 rapier (severely wounded, 60% to hit)
You throw a boomerang.
The boomerang hits the deep elf zephyrmancer!
You kill the deep elf zephyrmancer!
Sif Muna accepts your kill.
Your Throwing skill increases to level 13!
Throw: 53 boomerangs
Press: ? - help, Q - select action, (/) - cycle Shift-Dir - straight line, f - +3 flail of protection
Aim: a +3 flail of protection (45% to hit)
You throw a boomerang.
The boomerang barely misses the +3 flail of protection.
Unknown command.
Throw: 53 boomerangs
Press: ? - help, Q - select action, (/) - cycle Shift-Dir - straight line, f/p - +3 flail of protection
Aim: a +3 flail of protection (45% to hit)
You throw a boomerang.
The boomerang hits the +3 flail of protection!
The +3 flail of protection is heavily damaged.
Throw: 53 boomerangs
Press: ? - help, Q - select action, (/) - cycle Shift-Dir - straight line, f/p - +3 flail of protection
Aim: a +3 flail of protection (heavily damaged, 45% to hit)
You throw a boomerang.
The boomerang hits the +3 flail of protection but does no damage.
The +3 flail of protection is heavily damaged.
Throw: 53 boomerangs
Press: ? - help, Q - select action, (/) - cycle Shift-Dir - straight line, f/p - +3 flail of protection
Aim: a +3 flail of protection (moderately damaged, 45% to hit)
You throw a boomerang.
The boomerang misses the +3 flail of protection.
You block the +3 flail of protection's attack.
You scratch the +3 flail of protection but do no damage.
The +3 flail of protection is moderately damaged.
The +3 flail of protection hits you.
You closely miss the +3 flail of protection.
The +3 flail of protection is moderately damaged.
The +3 flail of protection hits you but does no damage.
You closely miss the +3 flail of protection.
The +3 flail of protection is moderately damaged.
The +3 flail of protection hits you.
You miss the +3 flail of protection.
The +3 flail of protection is moderately damaged.
You block the +3 flail of protection's attack.
The +3 flail of protection hits you.
You miss the +3 flail of protection.
The +3 flail of protection is moderately damaged.
The +3 flail of protection hits you!!
You claw the +3 flail of protection!
The +3 flail of protection is heavily damaged.
The +3 flail of protection misses you.
You barely miss the +3 flail of protection.
The +3 flail of protection is heavily damaged.
You block the +3 flail of protection's attack. x2
You barely miss the +3 flail of protection.
The +3 flail of protection is heavily damaged.
You block the +3 flail of protection's attack.
You mangle the +3 flail of protection!!
The +3 flail of protection falls from the air.
Sif Muna accepts your kill.
You see here a +3 flail of protection.
v - 5 javelins (gained 1)
You now have 3226 gold pieces (gained 19).
v - 6 javelins (gained 1)
Things that are here:
a +0 long sword; an elf skeleton
v - 7 javelins (gained 1)
Found a leather armour.
There is an open door here.
You hear the brisk crackle of a magical portal very nearby.
Found 25 gold pieces.
You now have 3251 gold pieces (gained 25).
Zenata, Seeker of Sheza comes into view.
She is wielding a +4 lajatang and wearing a +0 ring mail of cold resistance.
Found a magical portal.
Zenata shouts!
Zenata gestures, and weapons take to the air!
Press: ? - help, v - describe, . - travel
Here: Zenata, wielding a +4 lajatang and wearing a +0 ring mail of cold resistance The floor.
Throw: 5 throwing nets
Press: ? - help, Q - select action, (/) - cycle Shift-Dir - straight line, f - Zenata
Aim: Zenata, wielding a +4 lajatang and wearing a +0 ring mail of cold resistance (71% to hit)
You throw a throwing net. The throwing net hits Zenata.
Zenata is caught in the net!
The +0 short sword of venom barely misses you.
You block the +0 mace of protection's attack.
A water elemental comes into view.
The +0 short sword of venom hits you.
You are poisoned.
You scratch Zenata but do no damage.
You feel very sick.
You block the +0 mace of protection's attack.
The +0 short sword of venom hits you but does no damage.
The +2 vorpal halberd hits you but does no damage.
The +0 mace of protection hits you but does no damage.
The +0 short sword of venom hits you.
Zenata struggles against the net.
The +2 vorpal halberd barely misses you.
You scratch Zenata.
Zenata is lightly wounded.
You feel sick.
The +0 short sword of venom hits you but does no damage.
The +0 mace of protection hits you!
A hell rat scurries out from under your cloak.
The +0 short sword of venom hits you but does no damage.
The +2 vorpal halberd hits you from afar.
The +0 mace of protection hits you but does no damage.
Zenata struggles against the net.
You scratch Zenata.
Zenata is lightly wounded.
You feel sick.
You block the +0 short sword of venom's attack.
The +2 vorpal halberd hits you from afar!
You block the +0 mace of protection's attack.
The +0 short sword of venom hits you but does no damage.
The +2 vorpal halberd hits you but does no damage.
The +0 mace of protection closely misses you.
The +0 short sword of venom completely misses you.
Zenata struggles against the net.
You scratch Zenata.
Zenata is lightly wounded.
You feel sick.
You block the +0 short sword of venom's attack.
You block the +0 mace of protection's attack.
The +2 vorpal halberd hits you but does no damage.
The water elemental closely misses you. The +0 short sword of venom hits you.
You are more poisoned.
The +0 mace of protection hits you but does no damage.
The +2 vorpal halberd barely misses you.
You mangle Zenata!!
Zenata is moderately wounded.
You feel sick.
You block the +0 short sword of venom's attack.
You block the +0 mace of protection's attack.
The +0 short sword of venom hits you but does no damage.
You are more poisoned.
The +2 vorpal halberd hits you from afar!
Zenata struggles against the net.
The water elemental barely misses you.
The +0 mace of protection closely misses you.
The +0 short sword of venom hits you.
You block the +2 vorpal halberd's attack.
You mangle Zenata!!
Zenata is moderately wounded.
You feel very sick.
The +0 short sword of venom hits you but does no damage.
You block the +0 mace of protection's attack.
You block the +2 vorpal halberd's attack.
The +0 short sword of venom barely misses you.
Zenata struggles against the net.
The water elemental misses you.
The +0 mace of protection closely misses you.
You barely miss Zenata.
Zenata is moderately wounded.
You feel very sick. The +0 short sword of venom misses you.
The +2 vorpal halberd hits you from afar!
You block the +0 mace of protection's attack.
You block the +0 short sword of venom's attack.
The +0 mace of protection hits you!
The +2 vorpal halberd closely misses you.
Zenata struggles against the net.
The net rips apart, and Zenata comes free!
The water elemental hits you.
The water elemental engulfs you in water!
Press: ? - help, v - describe, . - travel
Here: Zenata, wielding a +4 lajatang and wearing a +0 ring mail of cold resistance (moderately wounded, ally target)
The floor, spattered with blood.
Unknown command.
Throw: 4 throwing nets
Press: ? - help, Q - select action, (/) - cycle Shift-Dir - straight line, f/p - Zenata
Aim: Zenata, wielding a +4 lajatang and wearing a +0 ring mail of cold resistance (moderately wounded, ally target, 71% to hit)
Okay, then.
Unknown command.
Okay, then.
You claw the water elemental!
The water elemental is moderately damaged.
Your lungs strain for air!
You feel sick.
The +0 short sword of venom hits you but does no damage.
The +0 short sword of venom barely misses you.
The +0 mace of protection completely misses you.
The +2 vorpal halberd misses you.
The +0 short sword of venom barely misses you.
The +0 mace of protection hits you but does no damage.
Zenata sends weapons flying into battle!
The +2 vorpal halberd hits you from afar!
You claw the water elemental!
The water elemental is heavily damaged.
* * * LOW HITPOINT WARNING * * *
Your lungs strain for air!
You feel sick.
You block the +0 short sword of venom's attack.
The +0 mace of protection hits you.
* * * LOW HITPOINT WARNING * * *
The water elemental completely misses you.
The +0 short sword of venom hits you but does no damage.
You block the +2 vorpal halberd's attack.
You block the +0 mace of protection's attack.
You barely miss the water elemental.
The water elemental is heavily damaged.
* * * LOW HITPOINT WARNING * * *
Your lungs strain for air!
You feel sick.
The +0 short sword of venom hits you but does no damage.
You are more poisoned.
The +2 vorpal halberd hits you but does no damage.
You block the +0 short sword of venom's attack.
You block the +0 mace of protection's attack.
Zenata hits you with a +4 lajatang.
* * * LOW HITPOINT WARNING * * *
You block the water elemental's attack.
The +2 vorpal halberd hits you from afar.
* * * LOW HITPOINT WARNING * * *
x2 The +0 short sword of venom hits you but does no damage.
The +0 mace of protection misses you.
You cannot read scrolls while unable to breathe!
Okay, then.
Unknown command.
You feel much better.
* * * LOW HITPOINT WARNING * * *
Your lungs strain for air!
You feel very sick.
You block the +0 short sword of venom's attack.
You block the +0 mace of protection's attack.
The +2 vorpal halberd hits you but does no damage.
The +0 short sword of venom hits you.
* * * LOW HITPOINT WARNING * * *
Zenata hits you with a +4 lajatang!!
* * * LOW HITPOINT WARNING * * *
The water elemental hits you.
* * * LOW HITPOINT WARNING * * *
The +2 vorpal halberd hits you from afar!
You die...

Skill      XL: |  1  2  3  4  5  6  7  8  9 10 11 12 13 14 15 16 17 18 |
---------------+-------------------------------------------------------+-----
Unarmed Combat | 1 2 3 4 5 6 8 9 11 12 13 14 15 | 15.8
Fighting       | 1 2 3 4 5 6 7 8 9 10 | 10.3
Throwing       | 1 2 3 5 6 7 8 9 10 12 13 | 13.0
Dodging        | 2 3 4 5 6 7 8 9 10 | 10.1
Evocations     | 1 3 4 5 6 |  6.9
Invocations    | 2 7 9 10 11 12 13 14 15 | 15.2
Shields        | 2 5 6 7 8 9 10 | 10.2
Armour         | 1 3 4 5 6 7 8 |  8.1
Stealth        | |  1.0
Spellcasting   | |  1.2
Transmutations | |  0.6
Earth Magic    | |  2.6

Action                   |  1- 3 |  4- 6 |  7- 9 | 10-12 | 13-15 | 16-18 || total
-------------------------+-------+-------+-------+-------+-------+-------++-------
Melee: Unarmed           |    79 |   118 |   157 |   504 |  1884 |  2118 ||  4860
       Punch             |       |     1 |     8 |    20 |       |       ||    29
Throw: Dart              |       |     7 |    12 |     8 |    20 |    16 ||    63
       Boomerang         |       |       |     6 |    24 |    73 |   186 ||   289
       Stone             |       |       |     3 |       |       |       ||     3
       Javelin           |       |       |       |       |    20 |    21 ||    41
       Throwing net      |       |       |       |       |       |     9 ||     9
 Cast: Statue Form       |       |       |       |       |     1 |       ||     1
       Dragon's Call     |       |       |       |       |     1 |       ||     1
       Death's Door      |       |       |       |       |       |     1 ||     1
       Summon Horrible T |       |       |       |       |       |     1 ||     1
Invok: Divine Exegesis   |       |       |       |       |     2 |     2 ||     4
Evoke: Wand              |       |       |       |     1 |     4 |    19 ||    24
       Phial of floods   |       |       |       |       |     1 |     1 ||     2
       Tin of tremorston |       |       |       |       |       |     5 ||     5
       Box of beasts     |       |       |       |       |       |     1 ||     1
  Use: Scroll            |       |     6 |     5 |     5 |    18 |     6 ||    40
       Potion            |       |       |       |     4 |     3 |     5 ||    12
 Stab: Sleeping          |     3 |     4 |       |       |     1 |       ||     8
       Paralysed         |       |       |       |     7 |     4 |     9 ||    20
       Distracted        |       |       |       |     1 |     1 |     2 ||     4
       Petrified         |       |       |       |       |     2 |       ||     2
       Held in net/web   |       |       |       |       |       |     4 ||     4
Armor: Robe              |    38 |    36 |    38 |    87 |       |       ||   199
       Troll leather arm |       |       |       |    57 |   435 |    78 ||   570
       Ice dragon scales |       |       |       |       |    77 |    14 ||    91
       Skin              |       |       |       |       |    30 |       ||    30
       Quicksilver drago |       |       |       |       |       |   580 ||   580
Dodge: Dodged            |    32 |    36 |    46 |   212 |   668 |   932 ||  1926
Block: Other             |    12 |    27 |       |       |       |       ||    39
       Kite shield       |       |       |       |    17 |  1005 |  1493 ||  2515
       Reflection        |       |       |       |       |    18 |    94 ||   112

Levels and vault maps discovered:
D:1:      dpeg_arrival_snail, layout_basic,
          hellmonk_ecumenical_altar_arch_garden, roderic_roman_lattice,
          minmay_small_reverse_x
D:2:      cheibrodos_helix_gallery, layout_loops_cross, minmay_misc_feat_columns
D:3:      layout_loops_corners, minmay_misc_feat_chi, uniq_jessica
D:4:      layout_cave_pods, minmay_temple_entry_junction, chequers_garden,
          minmay_shop_damaged
D:5:      layout_basic
D:6:      layout_cave_pods, mainiacjoe_overflow_concentric_impassable,
          serial_shops, nicolae_inconvenience_store
D:7:      layout_gridville, lemuel_tele_altar, st_stairs_5, grunt_ministairs_11,
          grunt_decor_junction
D:8:      layout_rooms, mainiacjoe_overflow_alcove_4,
          mainiacjoe_overflow_small_starburst, serial_co_window_serial,
          co_window_paths_a, co_window_paths_a, co_window_corner_a,
          co_window_paths_a, co_window_of_opportunity_a, co_window_paths_a,
          co_window_paths_a, co_window_paths_c, co_window_unsneaky_path_e,
          co_window_of_opportunity_c, co_window_corner_b, co_window_corner_b,
          glass_columns_b, glass_columns_b, glass_columns_a,
          nicolae_grassy_gnolls, uniq_amaemon
D:9:      layout_irregular_city, nzn_overflow_gifts_of_might_and_magic,
          nicolae_hepliaklqana_ecumenical_no_more, grunt_dithmenos_smoke,
          overflow_temple_1_default, kiku_gazebo_garden_becter,
          nicolae_qazlal_style_of_elements, lair_entry_dummy,
          serial_column_ruins, column_ruins_hut, column_ruins_temple_circle,
          column_ruins_corridor_water, column_ruins_grid_1,
          column_ruins_columns_straight, column_ruins_grid_3,
          column_ruins_corridor_straight, hangedman_decor_lopped,
          glass_columns_a, uniq_gastronok
D:10:     layout_cave_pools, mainiacjoe_overflow_chevrons,
          kennysheep_cross_bottleneck
D:11:     layout_cave_pools, erik_orc_2, serial_bayou, serial_bayou_pond_a,
          serial_bayou_lake_a, serial_bayou_lagoon_a, serial_bayou_shore_b,
          hex_tiny, grunt_ogre_cave
D:12:     nicolae_cairo_tiling_very_big, layout_loops_ring
D:13:     layout_basic, ximxim_vaults_locker_room
D:14:     layout_loops_ring, infiniplex_staircase_pillars_3b,
          nemelex_diamond_rough_becter
D:15:     grunt_enter_depths_giant_problem, layout_stronghold,
          serial_bayou_ford_a, uniq_josephine
Temple:   nicolae_temple_bog_church
Lair:1:   layout_regular_city
Lair:2:   layout_long_grid, guppyfry_snake_entry_garden, basic_altar,
          lemuel_fruit_tree, lemuel_fruit_fields, uniq_urug
Lair:3:   layout_cave_pods, minmay_shoals_entry_beasts, gauntlet_entry_generic,
          infiniplex_staircase_pool_2
Lair:4:   layout_regular_city, basic_altar, nicolae_lair_time_for_slime,
          lemuel_fruit_fields
Lair:5:   minmay_lair_end_frog_pond, layout_misc_corridors, slime_entry_1
Shoals:1: nicolae_shoals_mermall, layout_shoals, uniq_donald
Shoals:2: layout_shoals, nicolae_shoals_secluded_bog
Shoals:3: layout_shoals, lemuel_centaur_altar
Shoals:4: shoals_end_simple, layout_shoals, nicolae_shoals_lost_giant_temple,
          uniq_bai_suzhen, uniq_nikola
Snake:1:  cheibrodos_toxic_ritual, layout_basic, basic_altar, uniq_asterion
Snake:2:  layout_basic, nicolae_specific_store
Snake:3:  layout_grid_shapes, portal_ice_cave_entry_pillars_three
Snake:4:  grunt_snake_rune_spirals, layout_onion, serial_bayou,
          serial_bayou_lagoon_b, serial_bayou_pond_b, serial_bayou_shore_b,
          serial_bayou_crossing, serial_bayou_pond_b, drop_trap,
          nrook_loot_triangle
Orc:1:    layout_caves, guppyfry_orc_lava_fort
Orc:2:    grunt_orc_cross, layout_caves, hangedman_minor_magic, uniq_sonja,
          uniq_rupert
Elf:1:    layout_gridlike, mu_enter_wizlab_6, hangedman_elf_disciples,
          nicolae_rare_books, elves_outpost_lemuel, uniq_zenata, uniq_agnes,
          uniq_frances, uniq_jorgrun

Notes
Turn   | Place    | Note
-------+----------+-------------------------------------------
     0 | D:1      | scionoferis the Troll Earth Elementalist began the quest
                  | for the Orb.
     0 | D:1      | Reached XP level 1. HP: 16/16 MP: 1/1
   136 | D:1      | Reached skill level 1 in Unarmed Combat
   164 | D:1      | Reached XP level 2. HP: 26/26 MP: 2/2
   285 | D:1      | Found a faded altar of an unknown god.
   292 | D:1      | Reached skill level 2 in Unarmed Combat
   344 | D:1      | Reached skill level 1 in Fighting
   633 | D:2      | Reached XP level 3. HP: 33/33 MP: 3/3
   673 | D:2      | Found the +2 ratskin cloak {*Rats rPois rN+ Str-1 Int-1
                  | Dex+1}
  1112 | D:2      | Reached skill level 3 in Unarmed Combat
  1112 | D:2      | Reached XP level 4. HP: 41/41 MP: 4/4
  1309 | D:3      | Reached skill level 2 in Fighting
  1558 | D:3      | Reached XP level 5. HP: 49/49 MP: 5/5
  1887 | D:3      | Reached skill level 4 in Unarmed Combat
  1946 | D:3      | Noticed Jessica
  1951 | D:3      | Killed Jessica
  2255 | D:4      | Identified the +2 dagger "Iwkihoq" {holy, rF+ Str-3 Dex+5}
  2275 | D:4      | Reached XP level 6. HP: 59/59 MP: 6/6
  2278 | D:4      | Found a staircase to the Ecumenical Temple.
  2289 | Temple   | Entered the Ecumenical Temple
  2544 | D:4      | Reached skill level 5 in Unarmed Combat
  2589 | D:4      | Found Hiz Vuno's Lightly-Used Armoury.
  2729 | D:4      | Reached skill level 1 in Throwing
  2729 | D:4      | Reached skill level 2 in Dodging
  3215 | D:5      | Entered Level 5 of the Dungeon
  3216 | D:5      | Identified a scroll of acquirement
  3221 | D:5      | Acquired the amulet of Wouqi {RegenMP Harm Slay+6 SInv
                  | Stlth-}
  3298 | D:5      | Reached skill level 3 in Fighting
  3298 | D:5      | Reached XP level 7. HP: 67/67 MP: 7/7
  3490 | D:5      | Reached skill level 2 in Throwing
  3490 | D:5      | Reached skill level 6 in Unarmed Combat
  3561 | D:5      | Reached skill level 3 in Dodging
  3561 | D:5      | Reached XP level 8. HP: 73/76 MP: 8/8
  3920 | D:6      | Found Nuixoapp's Assorted Antiques.
  4015 | D:6      | Reached skill level 7 in Unarmed Combat
  4080 | D:6      | Found a basalt altar of Yredelemnul.
  4101 | D:6      | Reached skill level 3 in Throwing
  4139 | D:6      | Reached skill level 4 in Fighting
  4700 | D:6      | Bought an orange potion for 23 gold pieces
  4700 | D:6      | Bought a bubbling pink potion for 23 gold pieces
  4700 | D:6      | Bought 2 amethyst potions for 46 gold pieces
  4700 | D:6      | Bought a bubbling pink potion for 23 gold pieces
  4700 | D:6      | Bought an orange potion for 23 gold pieces
  4856 | D:7      | Reached skill level 4 in Dodging
  4856 | D:7      | Reached skill level 8 in Unarmed Combat
  4928 | D:7      | Reached XP level 9. HP: 54/85 MP: 9/9
  5078 | D:7      | Reached skill level 4 in Throwing
  5196 | D:7      | Found a hide-covered altar of Uskayaw.
  5769 | D:8      | Noticed an orange demon
  5769 | D:8      | Noticed Amaemon
  5784 | D:8      | Killed an orange demon
  5785 | D:8      | Reached skill level 5 in Fighting
  5785 | D:8      | Reached skill level 9 in Unarmed Combat
  5787 | D:8      | Reached skill level 1 in Evocations
  5799 | D:8      | Killed Amaemon
  5800 | D:8      | Reached skill level 5 in Throwing
  5800 | D:8      | Reached skill level 5 in Dodging
  5800 | D:8      | Reached XP level 10. HP: 81/96 MP: 10/10
  5951 | D:8      | Reached skill level 2 in Evocations
  6117 | D:8      | Reached skill level 10 in Unarmed Combat
  6147 | D:8      | Found an opulent altar of Gozag.
  6419 | D:8      | Found a sparkling altar of Nemelex Xobeh.
  6781 | D:9      | Reached skill level 6 in Fighting
  6794 | D:9      | Reached skill level 3 in Evocations
  6805 | D:9      | Found a faded altar of an unknown god.
  6903 | D:9      | Found a stormy altar of Qazlal.
  6972 | D:9      | Found a bloodstained altar of Trog.
  6986 | D:9      | Reached skill level 6 in Throwing
  6992 | D:9      | Found a shimmering blue altar of Sif Muna.
  6996 | D:9      | Got Sif Muna's Volume of Shifting
  6998 | D:9      | Became a worshipper of Sif Muna the Loreminder
  7008 | D:9      | Found a staircase to the Lair.
  7115 | D:9      | Noticed Gastronok
  7163 | D:9      | Reached skill level 1 in Invocations
  7256 | D:9      | Killed Gastronok
  7257 | D:9      | Reached skill level 11 in Unarmed Combat
  7257 | D:9      | Reached skill level 2 in Invocations
  7257 | D:9      | Reached XP level 11. HP: 47/105 MP: 10/12
  7344 | D:9      | Reached skill level 3 in Invocations
  7383 | D:9      | Found an ancient bone altar of Kikubaaqudgha.
  7449 | D:9      | Found a shimmering altar of Xom.
  7479 | D:9      | Found a shadowy altar of Dithmenos.
  7620 | D:9      | Found a faded altar of an unknown god.
  7620 | D:9      | Found a faded altar of an unknown god.
  7622 | D:9      | Found a hazy altar of Hepliaklqana.
  7705 | D:10     | Entered Level 10 of the Dungeon
  7739 | D:10     | Reached * piety under Sif Muna
  7740 | D:10     | Reached skill level 4 in Invocations
  7940 | D:10     | Identified the +3 halberd "Qisoofej" {flame, rElec rCorr
                  | Dex-4}
  7980 | D:10     | Found an iron altar of Okawaru.
  8457 | D:11     | Noticed a two-headed ogre
  8557 | D:11     | Reached skill level 5 in Invocations
  8909 | D:11     | Reached ** piety under Sif Muna
  9022 | D:11     | Killed a two-headed ogre
  9023 | D:11     | Reached skill level 6 in Invocations
  9448 | D:11     | Found a staircase to the Orcish Mines.
  9559 | D:12     | Noticed a brown ugly thing
  9573 | D:12     | Reached skill level 12 in Unarmed Combat
  9581 | D:12     | Reached skill level 7 in Throwing
  9587 | D:12     | Killed a brown ugly thing
  9617 | D:12     | You fall into a shaft and drop 2 floors!
  9645 | D:14     | Reached skill level 7 in Invocations
  9645 | D:14     | Reached XP level 12. HP: 114/114 MP: 16/16
  9692 | D:13     | Noticed a centaur warrior
  9698 | D:13     | Killed a centaur warrior
 10470 | D:13     | Noticed a two-headed ogre
 10482 | D:13     | Killed a two-headed ogre
 10483 | D:13     | Reached skill level 8 in Invocations
 10578 | D:13     | Noticed a catoblepas
 10586 | D:13     | Killed a catoblepas
 10747 | D:13     | Noticed a centaur warrior
 10760 | D:13     | Killed a centaur warrior
 10761 | D:13     | Reached skill level 8 in Throwing
 10977 | D:13     | Noticed a vault guard
 10977 | D:13     | Noticed a vault guard
 10977 | D:13     | Noticed a vault guard
 10997 | D:12     | Killed a vault guard
 11044 | D:13     | Reached skill level 9 in Invocations
 11190 | D:13     | Reached skill level 1 in Shields
 11195 | D:13     | Reached *** piety under Sif Muna
 11218 | D:13     | Found a gate to the Vaults.
 11385 | D:13     | Killed a vault guard
 11386 | D:13     | Reached skill level 6 in Dodging
 11469 | D:13     | Killed a vault guard
 11470 | D:13     | Reached skill level 1 in Armour
 11472 | D:13     | Noticed a vault guard
 11487 | D:13     | Killed a vault guard
 11488 | D:13     | Reached skill level 2 in Shields
 11687 | Lair:1   | Entered Level 1 of the Lair of Beasts
 11989 | Lair:1   | Reached XP level 13. HP: 122/122 MP: 19/19
 12469 | Lair:2   | Noticed Urug
 12500 | Lair:2   | Killed Urug
 12558 | Lair:2   | Reached skill level 13 in Unarmed Combat
 12646 | Lair:2   | Identified the +7 rapier of the Gnashing Visionary {venom,
                  | Fly rN+ Int+2}
 12778 | Lair:2   | Found a staircase to the Snake Pit.
 12981 | Lair:2   | Found an iron altar of Okawaru.
 13124 | Lair:2   | Reached skill level 3 in Shields
 14249 | D:14     | Reached skill level 2 in Armour
 14345 | D:14     | Reached **** piety under Sif Muna
 14411 | D:14     | Reached skill level 4 in Shields
 14479 | D:14     | Reached skill level 10 in Invocations
 14479 | D:14     | Reached skill level 4 in Evocations
 14996 | D:14     | Found a sparkling altar of Nemelex Xobeh.
 15361 | Lair:3   | Found a gate leading to a gauntlet.
 15372 | Gauntlet | Entered a Gauntlet
 15372 | Gauntlet | Found a transporter.
 15372 | Gauntlet | Found a transporter.
 15372 | Gauntlet | Found a transporter.
 15373 | Gauntlet | Found a transporter.
 15376 | Gauntlet | Found a transporter.
 15376 | Gauntlet | Found a transporter.
 15390 | Gauntlet | Found a transporter.
 15390 | Gauntlet | Found a transporter.
 15398 | Gauntlet | Noticed a quicksilver ooze
 15400 | Gauntlet | Found a transporter.
 15400 | Gauntlet | Found a transporter.
 15502 | Gauntlet | Found a transporter.
 15506 | Gauntlet | Found a transporter.
 15763 | Gauntlet | Killed a quicksilver ooze
 15764 | Gauntlet | Reached skill level 7 in Fighting
 15767 | Gauntlet | Identified the amulet "Jukafrisch" {rF+ Regen+}
 15810 | Gauntlet | Noticed a minotaur
 15822 | Gauntlet | Killed a minotaur
 16047 | Lair:3   | Found a staircase to the Shoals.
 16160 | Lair:3   | Reached skill level 3 in Armour
 16222 | Lair:3   | Reached skill level 9 in Throwing
 16222 | Lair:3   | Reached skill level 5 in Shields
 16558 | Lair:3   | Reached XP level 14. HP: 133/133 MP: 20/20
 17114 | Lair:4   | Found an ornate altar of the Wu Jian Council.
 17173 | Lair:4   | Reached ***** piety under Sif Muna
 17311 | Lair:4   | Received a gift from Sif Muna
 17340 | Lair:4   | Got Sif Muna's Monograph on Conduction and Damage Dealing
                  | {god gift}
 17516 | Lair:4   | Noticed an azure jelly
 17697 | Lair:4   | Killed an azure jelly
 17698 | Lair:4   | Reached skill level 7 in Dodging
 18034 | Lair:5   | Entered Level 5 of the Lair of Beasts
 18377 | Lair:5   | Reached skill level 6 in Shields
 18524 | Lair:4   | Reached skill level 11 in Invocations
 18926 | Lair:5   | Reached skill level 4 in Armour
 18943 | Lair:5   | Reached skill level 5 in Evocations
 19009 | Lair:5   | Found the +4 Cigotuvi's embrace {rMiasma Drain rN+}
 19508 | Lair:5   | Found a staircase to the Slime Pits.
 19578 | Lair:5   | Identified the +0 leather armour "Xotugatt" {rF+}
 20003 | Orc:1    | Entered Level 1 of the Orcish Mines
 20010 | Orc:1    | Received a gift from Sif Muna
 20028 | Orc:1    | Got Sif Muna's Anthology of Energetic Enchantment {god
                  | gift}
 20179 | Orc:1    | Paralysed by an orc sorcerer for 3 turns
 20718 | Orc:1    | Reached XP level 15. HP: 138/143 MP: 22/22
 20800 | Orc:1    | Reached skill level 7 in Shields
 21062 | Orc:2    | Entered Level 2 of the Orcish Mines
 21151 | Orc:2    | Noticed Sonja
 21176 | Orc:2    | Killed Sonja
 21274 | Orc:2    | Noticed Rupert
 21283 | Orc:2    | Killed Rupert
 21512 | Orc:2    | Received a gift from Sif Muna
 21513 | Orc:2    | Got Sif Muna's Collected Works on Assembled Jinxing {god
                  | gift}
 21558 | Orc:2    | Noticed Blork the orc
 21603 | Orc:2    | Killed Blork the orc
 22179 | Orc:2    | Reached skill level 14 in Unarmed Combat
 22292 | Orc:2    | Reached skill level 8 in Fighting
 22326 | Orc:2    | Found Soeteoth's Antique Weapon Shoppe.
 22483 | Orc:2    | Found Joneol's General Store.
 22499 | Orc:2    | Found Lugh's Antique Armour Shoppe.
 22506 | Orc:2    | Bought a glowing kite shield for 150 gold pieces
 22525 | Orc:2    | Found Hefui's Book Shoppe.
 22753 | Orc:2    | Found a staircase to the Elven Halls.
 23007 | Snake:1  | Entered Level 1 of the Snake Pit
 23417 | Snake:1  | Found a stormy altar of Qazlal.
 23530 | Snake:1  | Identified the +4 kite shield of Noughts and Crosses {-Cast
                  | +Inv rElec rCorr}
 23530 | Snake:1  | Noticed Asterion
 23547 | Snake:1  | Killed Asterion
 23675 | Snake:1  | Found a runed translucent door.
 23677 | Snake:1  | Identified the ring "Qymyadoi" {*Slow +Blink rF+ MP+9
                  | Str+3}
 23744 | Snake:1  | Received a gift from Sif Muna
 23752 | Snake:1  | Got Giso's Handbook of Friendly Translocation {god gift}
 23765 | Snake:1  | Reached skill level 12 in Invocations
 24180 | Snake:1  | Reached skill level 10 in Throwing
 24180 | Snake:1  | Reached skill level 8 in Dodging
 24539 | Snake:2  | Reached skill level 5 in Armour
 24829 | Snake:2  | Found Gaoxtodo's Specific Store.
 24831 | Snake:2  | Found Sumogur's General Store.
 24841 | Snake:2  | Bought 2 scrolls of identify for 56 gold pieces
 24940 | Snake:2  | Acquired 815 gold pieces
 25888 | Snake:3  | Found a frozen archway.
 25912 | IceCv    | Entered an ice cave
 25957 | IceCv    | Reached skill level 6 in Evocations
 26184 | IceCv    | Reached XP level 16. HP: 153/153 MP: 24/24
 26311 | IceCv    | Identified the +4 rapier "Qyhav" {freeze, *Corrode rF+
                  | Str+5 SInv}
 26313 | IceCv    | Identified the amulet of Undoing {RegenMP rPois Int+4}
 26424 | Snake:3  | Reached skill level 8 in Shields
 27292 | Snake:4  | Entered Level 4 of the Snake Pit
 27563 | Snake:4  | Received a gift from Sif Muna
 27758 | Snake:4  | Reached skill level 13 in Invocations
 27830 | Snake:4  | Reached skill level 6 in Armour
 28480 | Snake:4  | Reached skill level 9 in Fighting
 28515 | Snake:4  | Identified the quicksilver dragon scales "Doqoutho" {rC+
                  | Will+}
 29820 | Snake:4  | Reached skill level 9 in Dodging
 29940 | Snake:4  | Received a gift from Sif Muna
 30026 | Snake:4  | Got Sif Muna's Discourse on Moulding {god gift}
 30177 | Snake:4  | Reached XP level 17. HP: 130/163 MP: 26/26
 30331 | Snake:4  | Reached skill level 15 in Unarmed Combat
 30371 | Snake:4  | Reached skill level 11 in Throwing
 30387 | Snake:4  | Reached skill level 9 in Shields
 30389 | Snake:4  | Got a serpentine rune of Zot
 31029 | D:15     | Entered Level 15 of the Dungeon
 31284 | D:15     | Noticed Josephine
 31320 | D:15     | Killed Josephine
 31524 | D:15     | Received a gift from Sif Muna
 31537 | D:15     | Got Sif Muna's Volume of the Sepulchral Lungs {god gift}
 31593 | D:15     | Acquired the amulet "Paboim" {Faith rF+ Int+5}
 31768 | D:15     | Found a staircase to the Depths.
 32519 | Shoals:1 | Entered Level 1 of the Shoals
 32540 | Shoals:1 | Reached skill level 7 in Armour
 32566 | Lair:3   | Reached skill level 14 in Invocations
 32851 | Shoals:1 | Noticed Donald
 32876 | Shoals:1 | Killed Donald
 33730 | Shoals:1 | Found Bejuc's Merfolk Armours.
 33731 | Shoals:1 | Found Bejuc's Merfolk Magic.
 33731 | Shoals:1 | Found Bejuc's Merfolk Weapons.
 33945 | Shoals:1 | Bought a ring of see invisible for 285 gold pieces
 34627 | Shoals:2 | Received a gift from Sif Muna
 34662 | Shoals:2 | Got Sif Muna's Book of Generation and the Birds {god gift}
 34796 | Shoals:2 | Reached skill level 12 in Throwing
 35056 | Shoals:2 | Reached XP level 18. HP: 174/174 MP: 27/27
 36215 | Shoals:3 | Identified the +1 ring mail of the Depths {rElec rCorr
                  | SInv}
 36402 | Shoals:3 | Reached skill level 10 in Fighting
 36545 | Shoals:3 | Found an ancient bone altar of Kikubaaqudgha.
 37284 | Shoals:4 | Entered Level 4 of the Shoals
 37994 | Shoals:3 | Received a gift from Sif Muna
 37997 | Shoals:3 | Got Sif Muna's Incunabulum of Gathered Impurities {god
                  | gift}
 38093 | Shoals:4 | Noticed Nikola
 38208 | Shoals:4 | Reached skill level 10 in Shields
 38328 | Shoals:4 | Killed Nikola
 38454 | Shoals:4 | Noticed Bai Suzhen
 38473 | Shoals:4 | Reached skill level 10 in Dodging
 39063 | Shoals:4 | Got a barnacled rune of Zot
 39097 | Shoals:4 | Killed Bai Suzhen
 39098 | Shoals:4 | Reached skill level 15 in Invocations
 39349 | Shoals:4 | Reached skill level 8 in Armour
 39676 | Shoals:4 | Identified the +2 battleaxe of Wrath {flame, rN+}
 40600 | Elf:1    | Entered Level 1 of the Elven Halls
 40600 | Elf:1    | Noticed Agnes
 40600 | Elf:1    | Found Measuul's One-of-a-Kind Books.
 40613 | Orc:2    | Killed Agnes
 40660 | Elf:1    | Noticed Frances
 40690 | Elf:1    | Killed Frances
 40879 | Elf:1    | Reached skill level 13 in Throwing
 40941 | Elf:1    | Found a magical portal.
 40941 | Elf:1    | Noticed Zenata
 40953 | Elf:1    | HP: 13/176 [Zenata/+4 lajatang (22)]
 40953 | Elf:1    | Slain by a +2 vorpal halberd

Vanquished Creatures
  Bai Suzhen (Shoals:4)
  Nikola (Shoals:4)
  Rupert (Orc:2)
  Asterion (Snake:1)
  A kraken (Shoals:4)
  Gastronok (D:9)
  Frances (Elf:1)
  Donald (Shoals:1)
  An azure jelly (Lair:4)
  13 nagarajas (Snake:4)
  A fire giant (D:15)
  An orc warlord (Orc:2)
  A deep elf elementalist (Elf:1)
  A quicksilver ooze (Gauntlet)
  A very ugly thing (IceCv)
  A deep elf demonologist (Elf:1)
  A minotaur (Gauntlet)
  A deep elf death mage (Elf:1)
  Josephine (D:15)
  6 merfolk javelineers (Shoals:3 Shoals:4)
  A fire dragon (D:15)
  6 merfolk impalers (Shoals:1 Shoals:3 Shoals:4)
  An entropy weaver (shapeshifter) (D:15)
  2 green deaths (Snake:1)
  5 hydras (Lair:4 Lair:5 D:15)
  4 vault guards (D:12 D:13)
  4 alligator snapping turtles (Shoals:4 Shoals:3)
  6 merfolk avatars (Shoals:1 Shoals:2 Shoals:3 Shoals:4)
  4 centaur warriors (D:13 Shoals:1)
  2 catoblepae (D:13 Lair:2)
  8 two-headed ogres (D:11 D:13 D:15 D:14)
  2 satyrs (Shoals:1 Shoals:3)
  5 dancing weapons (Elf:1)
  An ogre mage (D:15)
  2 tengu warriors (D:14 D:15)
  2 boulder beetles (D:14)
  4 merfolk aquamancers (Shoals:1 Shoals:2 Shoals:4)
  3 death yaks (Lair:4)
  2 anacondas (Snake:1 Snake:4)
  13 naga warriors (Snake:1 Snake:2 Snake:3 Snake:4)
  9 shock serpents (Snake:1 Snake:2 Snake:3 Snake:4)
  Urug (Lair:2)
  3 orc high priests (Orc:1 Orc:2)
  Sonja (Orc:2)
  7 naga sharpshooters (Snake:1 Snake:3 Snake:4)
  15 slime creatures (D:12 D:14 D:13 Lair:4 D:15)
  2 salamander mystics (Snake:2 Snake:4)
  3 fire crabs (Lair:4)
  A sixfirhy (Gauntlet)
  Amaemon (D:8)
  2 goliath frogs (Lair:5)
  5 bog bodies (Shoals:1 Shoals:2)
  21 sea snakes (Snake:4 Shoals:1 Shoals:2 Shoals:3 Shoals:4)
  2 orange crystal statues (IceCv)
  A deep elf archer (Elf:1)
  3 orc knights (Orc:2)
  5 deep elf pyromancers (D:12 D:14 Elf:1)
  13 naga ritualists (Snake:1 Snake:2 Snake:4)
  24 harpies (Shoals:1 Shoals:2 Shoals:3 Shoals:4)
  5 deep elf zephyrmancers (Orc:2 Elf:1)
  13 ugly things (D:12 D:13 D:14)
  7 mana vipers (Snake:1 Snake:2 Snake:3 Snake:4)
  4 orc sorcerers (Orc:1 Orc:2)
  15 fauns (Shoals:1 Shoals:2 Shoals:3)
  6 elephants (Lair:5 Lair:4)
  A salamander (shapeshifter) (D:15)
  6 cyclopes (D:13 D:15 Shoals:1 Shoals:2)
  13 manticores (D:11 D:12 D:13 Lair:3 D:15)
  9 salamanders (Snake:2 Snake:1 Snake:3 Snake:4)
  9 merfolk sirens (Shoals:1 Shoals:3 Shoals:4)
  4 guardian serpents (Snake:2 Snake:3 Snake:4)
  11 naga magi (Snake:1 Snake:2 Snake:3 Snake:4)
  32 black mambas (Lair:1 Lair:3 Snake:1 Snake:2 Snake:3)
  11 water nymphs (Shoals:1 Shoals:2 Shoals:3 Shoals:4)
  An ice statue (Gauntlet)
  17 cane toads (Lair:1 Lair:2 Lair:3 Lair:4 Lair:5)
  A gargoyle (D:13)
  An orange demon (D:8)
  An unseen horror (D:11)
  3 rime drakes (Lair:2 Gauntlet)
  2 freezing wraiths (IceCv)
  6 komodo dragons (Lair:1 Lair:2 Lair:4 Lair:5)
  A yaktaur (D:15)
  An anaconda simulacrum (IceCv)
  A komodo dragon (shapeshifter) (D:15)
  A golden dragon simulacrum (IceCv)
  35 merfolk (Shoals:1 Shoals:2 Shoals:3 Shoals:4)
  5 polar bears (Lair:2 Lair:4 Lair:5)
  8 wind drakes (Lair:3 Shoals:1 Shoals:3 Shoals:4)
  A hornet (D:8)
  A hornet (shapeshifter) (D:15)
  2 tyrant leeches (Lair:5)
  10 trolls (D:9 D:10 D:11 D:13 D:12)
  10 blink frogs (Lair:3 Lair:4 Lair:5)
  16 dream sheep (Lair:4 Shoals:1 Lair:3 Shoals:2 Shoals:3)
  12 snapping turtles (Shoals:1 Shoals:3 Shoals:4)
  A centaur simulacrum (D:15)
  3 shadows (D:9 D:13)
  A ynoxinul (D:9)
  A dire elephant simulacrum (IceCv)
  23 water elementals (D:10 D:11 D:13 D:15 Shoals:1)
  7 wraiths (D:10 D:12 D:15)
  3 vampires (D:11 D:10 D:12)
  2 wyverns (D:9 Lair:4)
  7 humans (D:13)
  41 yaks (D:8 D:9 Lair:2 Lair:3 Lair:4)
  5 basilisks (D:11 D:13 Lair:1 Lair:5 D:15)
  2 fire elementals (Elf:1)
  2 steam dragons (D:7 D:8)
  9 vampire mosquitoes (D:14 Lair:4 Lair:5)
  6 wargs (Orc:1 Orc:2)
  33 nagas (Lair:2 Snake:1 Snake:2 Snake:3 Snake:4)
  2 acid dragons (D:10 D:11)
  A harpy simulacrum (IceCv)
  A hydra simulacrum (IceCv)
  18 water moccasins (D:5 D:7 D:8 Lair:1 Lair:2)
  2 ice beasts (D:5 D:6)
  A sky beast (D:8)
  41 orc warriors (D:7 D:8 D:9 D:10 D:11)
  A swamp drake (Orc:2)
  A black bear (Lair:2)
  An ettin simulacrum (IceCv)
  8 centaurs (D:11 D:13 Shoals:3)
  12 ogres (D:6 D:7 Orc:1 D:11 Orc:2)
  A phantom (D:5)
  Blork the orc (Orc:2)
  2 gnoll sergeants (D:6 D:8)
  2 kobold brigands (D:7 D:9)
  A necrophage (D:5)
  13 bullfrogs (D:8 Lair:1 Lair:2 Lair:3 Lair:4)
  4 scorpions (D:3 D:4 D:5)
  25 wights (D:8 D:9 D:10)
  4 killer bees (D:7)
  A lindwurm simulacrum (IceCv)
  16 electric eels (D:11 D:13 Lair:5 Snake:4 D:15)
  8 howler monkeys (D:7 D:8 D:9 D:10)
  A crimson imp (Orc:2)
  2 hounds (D:5 D:6)
  An iron imp (Orc:2)
  3 gnoll boudas (D:7 D:8 Orc:1)
  32 orc priests (D:3 D:5 D:6 D:7 D:8)
  5 jellies (D:5 Lair:4)
  Jessica (D:3)
  7 hell rats (Lair:4)
  3 iguanas (D:6 D:7)
  31 orc wizards (D:3 D:5 D:6 D:7 D:8)
  9 adders (D:2 D:3 D:4)
  25 gnolls (D:4 D:5 D:6 D:7 D:8)
  A shadow imp (Orc:2)
  A white imp (Orc:2)
  5 ufetubi (D:2 Gauntlet)
  A worm (D:5)
  85 orcs (D:3 D:4 D:5 D:6 D:7)
  9 endoplasms (D:1 D:2 D:3 D:4)
  4 giant cockroaches (D:1 D:4)
  8 goblins (D:1)
  4 hobgoblins (D:1 D:3 D:4)
  8 kobolds (D:1 D:2 D:3 D:9)
  2 quokkas (D:4)
  5 ball pythons (D:1 D:3 D:4)
  6 bats (D:1 D:2 D:3)
  3 frilled lizards (D:1 D:2)
  3 rats (D:1 D:2)
  A tentacle (Shoals:4)
1094 creatures vanquished.

Vanquished Creatures (collateral kills)
  Agnes (Orc:2)
  2 nagarajas (Snake:4)
  A very ugly thing (IceCv)
  A merfolk impaler (Shoals:2)
  A hydra (Lair:5)
  A merfolk aquamancer (Shoals:4)
  A naga sharpshooter (Snake:2)
  2 sea snakes (Snake:4 Shoals:1)
  A deep elf pyromancer (D:14)
  A salamander (Snake:4)
  A black mamba (Snake:3)
  3 merfolk sirens (Shoals:1 Shoals:2 Shoals:4)
  3 freezing wraiths (IceCv)
  2 golden dragon simulacra (IceCv)
  5 merfolk (Shoals:1 Shoals:2 Shoals:4)
  4 wind drakes (Lair:3 Shoals:4)
  A blink frog (Lair:3)
  2 dire elephant simulacra (IceCv)
  A water elemental (Shoals:1)
  A yak (Lair:3)
  A naga (Snake:3)
  2 hydra simulacra (IceCv)
  2 alligator simulacra (IceCv)
  A scorpion (D:4)
  A gnoll (D:5)
  7 orcs (D:5 D:7 D:11 Orc:1)
  A kobold (D:3)
  2 butterflies (Lair:4)
52 creatures vanquished.

Vanquished Creatures (others)
  A blink frog (Lair:5)
  A human (D:13)
  A bullfrog (Lair:4)
  2 orc wizards (Orc:2)
  3 orcs (Orc:1 Orc:2)
  14 demonic plants (Gauntlet)
  12 fungi (Lair:3 Lair:4 Lair:5)
  182 plants (D:8 D:11 Lair:2 Lair:4 Lair:5)
  6 tentacles (Shoals:4)
222 creatures vanquished.

Grand Total: 1368 creatures vanquished

Table legend: (Time is in decaauts)
 A = Elapsed time spent in this place.
 B = Non-inter-level travel time spent in this place.
 C = Inter-level travel time spent in this place.
 D = Time resting spent in this place.
 E = Time spent auto-exploring this place.
 F = Levels seen in this place.
 G = Mean time per level.
                   A        B        C        D        E       F      G
               +--------+--------+--------+--------+--------+-----+--------+
         Total |  40857 |  36636 |   4221 |   3796 |  18126 |  34 | 1201.7 |
       Dungeon |  15262 |  13455 |   1807 |    663 |   9287 |  15 | 1017.5 |
        Temple |    174 |    153 |     21 |      0 |    144 |   1 |  174.0 |
          Lair |   6696 |   5692 |   1004 |    761 |   3263 |   5 | 1339.2 |
        Shoals |   7673 |   7101 |    572 |   1172 |   1978 |   4 | 1918.2 |
     Snake Pit |   6903 |   6181 |    722 |    623 |   2112 |   4 | 1725.8 |
  Orcish Mines |   2907 |   2814 |     93 |    374 |   1124 |   2 | 1453.5 |
   Elven Halls |    222 |    222 |      0 |      0 |      0 |   1 |  222.0 |
      Ice Cave |    482 |    482 |      0 |    186 |      0 |   1 |  482.0 |
      Gauntlet |    534 |    534 |      0 |     15 |    217 |   1 |  534.0 |
               +--------+--------+--------+--------+--------+-----+--------+

Top non-repeatable levels by time:
 Snake:4: 2786 daAuts
Shoals:4: 2149 daAuts
Shoals:3: 2105 daAuts
Shoals:1: 1816 daAuts
   Orc:2: 1807 daAuts
  Lair:4: 1766 daAuts
 Snake:1: 1731 daAuts
     D:9: 1614 daAuts
Shoals:2: 1602 daAuts
    D:13: 1429 daAuts
  Lair:2: 1413 daAuts
  Lair:3: 1368 daAuts
    D:11: 1347 daAuts
 Snake:2: 1278 daAuts
    D:14: 1181 daAuts

Table legend:
 A = Non-vault XP
 B = Vault XP
 C = Vault XP percentage of total XP
 D = Non-vault monster count
 E = Vault monster count
 F = Vault count percentage of total count
                 A         B        C        D         E       F
            +---------+---------+-------+---------+---------+-------
      Total |  234804 |  137101 |  36.9 |     811 |     333 |  29.1
            +---------+---------+-------+---------+---------+-------
        D:1 |      32 |       8 |  20.0 |      19 |       4 |  17.4
        D:2 |      69 |       2 |   2.8 |      11 |       2 |  15.4
        D:3 |     207 |      37 |  15.2 |      16 |       1 |   5.9
        D:4 |     352 |       0 |   0.0 |      20 |       0 |   0.0
        D:5 |     961 |       0 |   0.0 |      28 |       0 |   0.0
        D:6 |     595 |       0 |   0.0 |      15 |       0 |   0.0
        D:7 |    1043 |     311 |  23.0 |      23 |       4 |  14.8
        D:8 |    3152 |    1332 |  29.7 |      35 |       7 |  16.7
        D:9 |    3268 |    1977 |  37.7 |      36 |       3 |   7.7
       D:10 |    1821 |       0 |   0.0 |      14 |       0 |   0.0
       D:11 |    2741 |    1633 |  37.3 |      19 |      23 |  54.8
       D:12 |    4511 |     870 |  16.2 |      12 |       1 |   7.7
       D:13 |    7497 |    4022 |  34.9 |      20 |      10 |  33.3
       D:14 |   12716 |       0 |   0.0 |      24 |       0 |   0.0
       D:15 |   14020 |    3054 |  17.9 |      28 |       7 |  20.0
     Lair:1 |    2874 |       0 |   0.0 |      13 |       0 |   0.0
     Lair:2 |    4380 |    1301 |  22.9 |      17 |       4 |  19.0
     Lair:3 |    5138 |     792 |  13.4 |      23 |       2 |   8.0
     Lair:4 |   14031 |    4561 |  24.5 |      42 |      17 |  28.8
     Lair:5 |    7170 |    7089 |  49.7 |      23 |      21 |  47.7
   Shoals:1 |   22121 |    6043 |  21.5 |      48 |      12 |  20.0
   Shoals:2 |   14967 |    2800 |  15.8 |      34 |       4 |  10.5
   Shoals:3 |   20950 |    3472 |  14.2 |      47 |      10 |  17.5
   Shoals:4 |   16459 |   24046 |  59.4 |      28 |      36 |  56.2
    Snake:1 |   11144 |    6736 |  37.7 |      21 |      11 |  34.4
    Snake:2 |   13505 |     830 |   5.8 |      28 |       2 |   6.7
    Snake:3 |   13728 |     160 |   1.2 |      30 |       1 |   3.2
    Snake:4 |   18266 |   37146 |  67.0 |      30 |      46 |  60.5
      Orc:1 |    3814 |    2875 |  43.0 |      57 |      18 |  24.0
      Orc:2 |    2108 |   13019 |  86.1 |      33 |      52 |  61.2
      Elf:1 |   11164 |     613 |   5.2 |      17 |       1 |   5.6
      IceCv |       0 |    8293 | 100.0 |       0 |      24 | 100.0
   Gauntlet |       0 |    4079 | 100.0 |       0 |      10 | 100.0
            +---------+---------+-------+---------+---------+-------
